 Dungeon Crawl Stone Soup version 0.23-a0-650-ga4d50d4d25 (webtiles) character file.

7303 RKaid the Cleaver (level 11, -5/180 HPs)
             Began as an Ogre Berserker on Jan 5, 2019.
             Was a High Priest of Trog.
             Succumbed to a redback's poison
             ... on level 10 of the Dungeon.
             The game lasted 00:21:28 (13268 turns).

RKaid the Cleaver (Ogre Berserker)                 Turns: 13268, Time: 00:21:28

Health: -5/180     AC:  4    Str: 31    XL:     11   Next: 13%
Magic:  20/20      EV: 12    Int:  8    God:    Trog [*****.]
Gold:   698        SH:  2    Dex:  8    Spells: 10/10 levels left

rFire    . . .     SeeInvis .   a - +5 battleaxe (vamp)
rCold    . . .     Gourm    .   (shield currently unavailable)
rNeg     . . .     Faith    .   x - +1 robe
rPois    .         Spirit   .   (helmet restricted)
rElec    .         Reflect  +   (no cloak)
rCorr    .         Harm     .   (gloves unavailable)
MR       +....                  (boots unavailable)
Stlth    ..........             m - +2 amulet of reflection
HPRegen  0.40/turn              v - ring of magical power {MP+9}
MPRegen  0.17/turn              J - ring of flight {+Fly}

@: berserking, lethally poisoned (-5 -> -132), drained, very quick
A: large, unfitting armour, tough skin 1
a: Berserk, Trog's Hand, Brothers in Arms, Renounce Religion, Evoke Flight


You were on level 10 of the Dungeon.
You worshipped Trog.
Trog was extremely pleased with you.
You were hungry.

You visited 1 branch of the dungeon, and saw 10 of its levels.

You collected 698 gold pieces.

Inventory:

Hand Weapons
 a - a +5 vampiric battleaxe (weapon)
   (Trog gifted it to you on level 9 of the Dungeon)
 b - a +4 hand axe of electrocution
   (You took it off an orc on level 5 of the Dungeon)
 L - a +0 war axe
   (You took it off an orc on level 4 of the Dungeon)
Missiles
 h - 67 poisoned needles
 p - 2 poisoned tomahawks
 H - 5 large rocks (quivered) {!d}
Armour
 x - a +1 robe (worn)
   (You took it off a hobgoblin on level 4 of the Dungeon)
Jewellery
 m - a +2 amulet of reflection (around neck)
   (You found it on level 3 of the Dungeon)
 v - a ring of magical power (left hand) {MP+9}
   (You found it on level 4 of the Dungeon)
 J - a ring of flight (right hand) {+Fly}
   (You found it on level 8 of the Dungeon)
Wands
 u - a wand of polymorph (19)
   (You found it on level 4 of the Dungeon)
 A - a wand of acid (8)
   (You found it on level 8 of the Dungeon)
 B - a wand of enslavement (6)
   (You found it on level 8 of the Dungeon)
 C - a wand of iceblast (8)
   (You found it on level 7 of the Dungeon)
 D - a wand of digging (8)
   (You found it on level 6 of the Dungeon)
 E - a wand of paralysis (4)
   (You found it on level 7 of the Dungeon)
 F - a wand of flame (20)
   (You took it off a big kobold on level 10 of the Dungeon)
Scrolls
 k - 4 scrolls of immolation {!r}
 l - 2 scrolls of blinking {!r}
 n - a scroll of fog
 o - 3 scrolls of remove curse
 t - 3 scrolls of teleportation
 y - 2 scrolls of fear
 I - a scroll of enchant weapon
 K - 2 scrolls of magic mapping {!r}
 M - a scroll of enchant armour
Potions
 c - 2 potions of lignification {!q}
 d - a potion of haste
 e - a potion of might
 g - a potion of magic
 j - a potion of ambrosia {unknown}
 q - 4 potions of brilliance {unknown}
 r - a potion of curing {unknown}
 s - a potion of cancellation {unknown}
 w - a potion of resistance
 z - 2 potions of heal wounds {unknown}
 G - 3 potions of degeneration {unknown}
 N - a potion of invisibility
 O - a potion of berserk rage {unknown}
Comestibles
 f - 18 rations
 i - 3 chunks of flesh


   Skills:
 + Level 11.5(10.3) Fighting
 * Level 12.1(10.9) Axes
 + Level 8.2(7.1) Dodging


You had 10 spell levels left.
You didn't know any spells.
Your spell library was empty.

Dungeon Overview and Level Annotations

Branches:
Dungeon (10/15)            Temple (0/1) D:4            Lair (0/6) D:8
    Orc: D:9-12

Altars:
Cheibriados
Dithmenos
Gozag
Nemelex Xobeh
Qazlal
Uskayaw
Vehumet
Beogh


Innate Abilities, Weirdness & Mutations

You are too large for most types of armour.
You have tough skin. (AC +1)


Message History

You kill the orc!
Trog accepts your kill.
You hit the orc priest. You block the orc priest's attack.
You slash the orc priest!
You kill the orc priest!
Trog accepts your kill.
You slice the orc wizard!!
You kill the orc wizard!
Trog accepts your kill.
Trog appreciates your killing of a magic user.
You hit the orc. The orc hits you but does no damage.
You slice the orc!!
You kill the orc!
Trog accepts your kill.
No target in view!
No target in view!
Some of the chunks of flesh in your inventory have rotted away.
Items here: )))) [ †† You butcher the orc corpse.
i - 8 chunks of flesh (gained 2)
You butcher the orc corpse.
i - 10 chunks of flesh (gained 2)
Items here: )))) [ ÷÷ x2
l - 2 scrolls of blinking {!r} (gained 1)
There is an open door here.
h - 67 poisoned needles (gained 13) Some of the chunks of flesh in your inventory have rotted away.
There is an open door here.
Eating one of 4 chunks of flesh.
You eat one of the 4 chunks of flesh.
This raw flesh tastes terrible.
An ogre comes into view. It is wielding a +0 giant spiked club.
The ogre shouts!
You hear a shout!
An ogre is nearby!
An ogre is nearby!
The ogre hits you with a +0 giant spiked club!
You slash the ogre!
The ogre hits you with a +0 giant spiked club!
You slash the ogre!
A deep elf mage comes into view. It is wielding a +0 long sword.
The ogre barely misses you.
You slash the ogre!
You feel better.
You kill the ogre!
Trog accepts your kill.
You see here a +0 giant spiked club.
The deep elf mage casts a spell.
The redback closely misses you.
You barely miss the deep elf mage. You closely miss the redback.
The redback bites you!
You are poisoned.
The redback poisons you! The deep elf mage casts a spell at you.
The bolt of negative energy hits you!
You feel drained.
You are too injured to fight recklessly!
A red film seems to cover your vision as you go berserk!
You feel yourself moving faster!
You feel mighty!
You are feeling hungry.
You feel very sick.
The redback bites you but does no damage.
The redback bites you.
You are more poisoned.
The redback poisons you!
The deep elf mage hits you with a +0 long sword!
You barely miss the deep elf mage. You barely miss the redback.
You slash the redback!
You feel very sick. The redback closely misses you. The redback bites you.
You are more poisoned.
The redback poisons you!
You barely miss the deep elf mage. You completely miss the redback.
You slash the redback! You completely miss the hell rat.
* * * LOW HITPOINT WARNING * * *
You feel extremely sick. The redback bites you!
* * * LOW HITPOINT WARNING * * *
The redback misses you. The hell rat bites you!
* * * LOW HITPOINT WARNING * * *
The deep elf mage mumbles some strange words.
Okay, then.
Unknown command.
You slice the deep elf mage!!
You feel better.
You slice the redback!!
You kill the redback!
The redback's corpse disappears in a puff of smoke!
You barely miss the redback. You closely miss the hell rat.
* * * LOW HITPOINT WARNING * * *
You feel very sick. The redback bites you!
* * * LOW HITPOINT WARNING * * *
You are more poisoned.
The redback poisons you! The hell rat bites you!
* * * LOW HITPOINT WARNING * * *
You feel drained.
* * * LOW HITPOINT WARNING * * *
The deep elf mage mumbles some strange words.
You are too berserk!
You closely miss the deep elf mage. You slash the hell rat!
You feel the power of Trog in you as your rage grows.
You kill the hell rat!
The hell rat's corpse disappears in a puff of smoke!
You slash the redback!
You die...

..........#...#... #.....##....#.
.........## #... #.....#######.
≈........# #.. #.....+.....[#
≈≈≈.....># #.. .#.....#######.
.........# #.# .#.....# #..#..
......... #.##.#.....# #..##)
#+#############....#########'##.)
...............).§...... #...##.
#..........###..@e.3.#.. #....).
#..#.......# #..s§s..# #....).
#..#.......# #...r...# #...##.
#.(#.......###...###.# ##'##..
)................. .# #..##.
#.......########### # #..#..
#.####..# #####. #.# #..# #...
#.####..# #...


You could see a deep elf mage, a smoke demon, 2 redbacks and a hell rat.

Vanquished Creatures
  An unseen horror (D:10)
  Pikel (D:6)
  A hippogriff (D:8)
  3 wyverns
  A hungry ghost (D:9)
  Edmund (D:6)
  2 ice beasts
  5 orc warriors
  4 phantoms
  8 ogres
  3 sky beasts
  5 centaurs
  A necrophage (D:8)
  A crocodile (D:7)
  3 big kobolds
  5 bullfrogs
  A scorpion (D:5)
  A water moccasin skeleton (D:8)
  5 howler monkeys
  9 crimson imps
  6 hounds
  6 orc priests
  10 orc wizards
  A bullfrog skeleton (D:5)
  3 centaur skeletons
  3 iguanas
  4 worker ants
  A hound skeleton (D:6)
  Robin (D:4)
  4 gnolls (D:4)
  16 adders
  A shadow imp (D:10)
  3 oozes
  An adder zombie (D:9)
  2 dart slugs
  7 leopard geckos
  47 orcs
  A bat (D:2)
  9 giant cockroaches
  19 goblins
  19 hobgoblins
  9 jackals
  15 kobolds
  12 quokkas
  5 frilled lizards
  A quokka skeleton (D:9)
  6 rats
  A plant (D:10)
274 creatures vanquished.

Vanquished Creatures (collateral kills)
  Prince Ribbit (D:6)
  A bullfrog (D:6)
2 creatures vanquished.

Grand Total: 276 creatures vanquished

Notes
Turn   | Place    | Note
-------+----------+-------------------------------------------
     0 | D:1      | RKaid the Ogre Berserker began the quest for the Orb.
     0 | D:1      | Reached XP level 1. HP: 24/24 MP: 1/1
   337 | D:1      | Reached XP level 2. HP: 25/32 MP: 2/2
  1305 | D:1      | Reached skill level 3 in Dodging
  1305 | D:1      | Reached XP level 3. HP: 25/40 MP: 3/3
  1701 | D:2      | Reached ** piety under Trog
  1883 | D:2      | Reached XP level 4. HP: 49/49 MP: 4/4
  1884 | D:2      | Reached skill level 4 in Axes
  2270 | D:3      | Reached skill level 5 in Fighting
  2529 | D:3      | HP: 10/75 [orc wizard/+0 dagger of electrocution (14)]
  2530 | D:3      | Reached XP level 5. HP: 11/57 MP: 5/5
  3009 | D:3      | Noticed an ogre
  3019 | D:3      | Killed an ogre
  3019 | D:3      | Reached *** piety under Trog
  3019 | D:3      | Reached skill level 5 in Axes
  3019 | D:3      | Reached XP level 6. HP: 29/67 MP: 6/6
  3991 | D:4      | HP: 13/100 [ogre/+0 giant club (22)]
  3992 | D:4      | Reached skill level 6 in Fighting
  3992 | D:4      | Reached skill level 4 in Dodging
  4523 | D:4      | Reached XP level 7. HP: 59/75 MP: 7/7
  5174 | D:4      | Found a staircase to the Ecumenical Temple.
  5205 | D:4      | Noticed Robin
  5220 | D:4      | Killed Robin
  5318 | D:4      | Reached skill level 6 in Axes
  5838 | D:5      | Entered Level 5 of the Dungeon
  6162 | D:5      | Reached skill level 7 in Fighting
  6162 | D:5      | Reached skill level 7 in Axes
  6162 | D:5      | Reached XP level 8. HP: 77/87 MP: 8/8
  6460 | D:5      | HP: 32/130 [orc/+0 trident (5)]
  6463 | D:5      | Reached skill level 5 in Dodging
  6464 | D:5      | HP: 11/130 [orc/+0 trident (9)]
  7341 | D:5      | Reached **** piety under Trog
  7358 | D:5      | Reached skill level 8 in Axes
  7602 | D:5      | Found a hide-covered altar of Uskayaw.
  7603 | D:5      | Found a sparkling altar of Nemelex Xobeh.
  7931 | D:6      | Noticed Edmund
  7940 | D:6      | Killed Edmund
  7940 | D:6      | Reached skill level 8 in Fighting
  8078 | D:6      | Reached XP level 9. HP: 54/97 MP: 9/9
  8257 | D:6      | Noticed Pikel
  8272 | D:6      | Killed Pikel
  8272 | D:6      | Reached skill level 9 in Axes
  8272 | D:6      | Reached skill level 6 in Dodging
  8291 | D:6      | Found a snail-covered altar of Cheibriados.
  8390 | D:6      | Noticed Prince Ribbit
  8395 | D:6      | Killed Prince Ribbit
  8395 | D:6      | Reached skill level 9 in Fighting
  8725 | D:6      | Found a stormy altar of Qazlal.
  9352 | D:7      | Found a radiant altar of Vehumet.
  9470 | D:8      | Reached skill level 10 in Axes
  9643 | D:8      | Reached XP level 10. HP: 75/110 MP: 10/10
  9711 | D:7      | HP: 24/110 [bullfrog (7)]
  9717 | D:7      | HP: 29/165 [poisoned by an adder]
  9723 | D:7      | HP: 17/110 [poisoned by an adder]
  9729 | D:7      | HP: 16/110 [poisoned by an adder]
  9735 | D:7      | HP: 16/110 [poisoned by an adder]
 10100 | D:8      | Reached skill level 10 in Fighting
 10100 | D:8      | Reached skill level 7 in Dodging
 10416 | D:8      | Found a staircase to the Lair.
 10425 | D:8      | Received a gift from Trog
 11015 | D:9      | Found an opulent altar of Gozag.
 11168 | D:9      | Reached skill level 11 in Axes
 11400 | D:9      | Reached ***** piety under Trog
 11708 | D:9      | Found a roughly hewn altar of Beogh.
 11739 | D:9      | Received a gift from Trog
 11969 | D:9      | Found a shadowy altar of Dithmenos.
 12101 | D:10     | Entered Level 10 of the Dungeon
 12178 | D:10     | Killed an unseen horror
 12178 | D:10     | Reached skill level 11 in Fighting
 12616 | D:10     | Reached skill level 8 in Dodging
 12839 | D:10     | Reached XP level 11. HP: 120/120 MP: 11/11
 13081 | D:10     | Reached skill level 12 in Axes
 13258 | D:10     | Noticed a deep elf mage
 13266 | D:10     | HP: 40/180 [redback[a deep elf mage] (13)]
 13267 | D:10     | HP: 15/180 [redback[a deep elf mage] (13)]
 13267 | D:10     | HP: 5/180 [hell rat[a deep elf mage] (10)]
 13268 | D:10     | Succumbed to a redback's poison

Vault maps used:
D:1:      minmay_arrival_four_circles, minmay_misc_feat_four_crosses
D:3:      first_ration
D:4:      minmay_door_path, temple_hall, sigmund_army, uniq_robin
D:5:      kennysheep_mini_moat, gammafunk_temple_overflow_statue
D:6:      kennysheep_mini, grunt_qazlal_sundering, uniq_prince_ribbit1,
          uniq_pikel, uniq_edmund
D:7:      kennysheep_little_box
D:8:      lair_entry_dummy
D:9:      lemuel_coloured_pillars_altar, special_room,
          nicolae_gozag_seed_capital
D:10:     lemuel_ice_statue, serial_rivers, chequers_serial_rivers_small_a,
          chequers_serial_rivers_micro_b, chequers_serial_rivers_room_a,
          chequers_serial_rivers_micro_a, blue_anna_alchemist

Skill      XL: |  1  2  3  4  5  6  7  8  9 10 11 |
---------------+----------------------------------+-----
Dodging        | 3 4 5 6 8 |  8.2
Axes           | 4 5 7 8 10 11 12 | 12.1
Fighting       | 5 6 7 8 9 11 | 11.5

Action                   |  1- 3 |  4- 6 |  7- 9 | 10-12 || total
-------------------------+-------+-------+-------+-------++-------
Melee: Hand axe          |   104 |   166 |   142 |   174 ||   586
       War axe           |       |    14 |   125 |       ||   139
       Unarmed           |       |       |    17 |       ||    17
       Battleaxe         |       |       |       |    98 ||    98
Invok: Berserk           |     2 |     7 |     7 |     5 ||    21
       Brothers in Arms  |       |       |     1 |       ||     1
  Use: Scroll            |       |       |    13 |     7 ||    20
 Stab: Confused          |       |       |     1 |       ||     1
  Eat: Chunk             |     4 |    13 |     9 |    14 ||    40
       Ration            |       |     1 |     4 |     2 ||     7
Armor: Animal skin       |    26 |    45 |       |       ||    71
       Robe              |       |     1 |    29 |    38 ||    68
       Skin              |       |       |    10 |       ||    10
Dodge: Dodged            |    61 |    76 |   188 |   105 ||   430
Block: Other             |       |       |    11 |    14 ||    25

Table legend:
 A = Non-vault XP
 B = Vault XP
 C = Vault XP percentage of total XP
 D = Non-vault monster count
 E = Vault monster count
 F = Vault count percentage of total count
                 A         B        C        D         E       F
            +---------+---------+-------+---------+---------+-------
      Total |    8748 |    1686 |  16.2 |     220 |      55 |  20.0
            +---------+---------+-------+---------+---------+-------
        D:1 |      38 |       0 |   0.0 |      16 |       0 |   0.0
        D:2 |      79 |       0 |   0.0 |      25 |       0 |   0.0
        D:3 |     310 |       0 |   0.0 |      33 |       0 |   0.0
        D:4 |     326 |     168 |  34.0 |      10 |      24 |  70.6
        D:5 |    1059 |       0 |   0.0 |      25 |       0 |   0.0
        D:6 |     557 |    1044 |  65.2 |      14 |       3 |  17.6
        D:7 |     671 |       0 |   0.0 |      18 |       0 |   0.0
        D:8 |    2070 |       0 |   0.0 |      31 |       0 |   0.0
        D:9 |    1232 |     371 |  23.1 |      23 |      26 |  53.1
       D:10 |    2406 |     103 |   4.1 |      25 |       2 |   7.4
            +---------+---------+-------+---------+---------+-------

Table legend:
 A = Turns spent in this place as a percentage of turns spent in the entire game.
 B = Non-inter-level travel turns spent in this place as a percentage of non-inter-level travel turns spent in the entire game.
 C = Inter-level travel turns spent in this place as a percentage of turns spent in this place.
 D = Turns resting spent in this place as a percentage of non-inter-level travel turns spent in this place.
 E = Turns spent auto-exploring this place as a percentage of non-inter-level travel turns spent in this place.
 F = Non-inter-level travel turns spent in this place divided by the number of levels of this place that you've seen.
                   A       B       C       D       E      F
               +-------+-------+-------+-------+-------+----------------------
         Total | 100.0 | 100.0 |   2.6 |  41.5 |  38.8 | 1292.0
       Dungeon | 100.0 | 100.0 |   2.6 |  41.5 |  38.8 | 1292.0
               +-------+-------+-------+-------+-------+----------------------

Table legend:
 A = Kills in this place as a percentage of kills in entire the game.
 B = Kills by you in this place as a percentage of kills by you in the entire game.
 C = Kills by friends in this place as a percentage of kills by friends in the entire game.
 D = Other kills in this place as a percentage of other kills in the entire game.
 E = Experience gained in this place as a percentage of experience gained in the entire game.
 F = Experience gained in this place divided by the number of levels of this place that you have seen.
                   A       B       C       D       E      F
               +-------+-------+-------+-------+-------+----------------------
         Total | 100.0 | 100.0 | 100.0 |   N/A | 100.0 | 1043.4
       Dungeon | 100.0 | 100.0 | 100.0 |   N/A | 100.0 | 1043.4
               +-------+-------+-------+-------+-------+----------------------
